Match 47225648
Unlisted

Match 47225648
End
Construct Infanterie Kompanie
Selects Breakthrough Battlegroup
Selects Breakthrough Battlegroup
Selects Assault Grenadiers
Grenadier Squad
MG 42 Machine Gun Team
Sniper
GrW 34 Mortar Team
Construct Panzergrenadier Kompanie
Selects 2.5-tonne Cargo Truck
AI Takeover
shapur NANG
SmoSkeY
ImDissy
Oncle-Hô
0
0

Comments sign in to comment!

No comments posted yet!